 Dungeon Crawl Stone Soup version 0.30-b1-2-g02819fbbbe (webtiles) character file.

Game seed: 2647770134300355131

122 Flugkiller the Shield-Bearer (level 4, -2/41 HPs)
             Began as a Minotaur Fighter on May 8, 2023.
             Slain by Sigmund
             ... wielding a +2 scythe of venom
              (9 damage)
             ... on level 3 of the Dungeon.
             The game lasted 00:00:51 (1871 turns).

Flugkiller the Shield-Bearer (Minotaur Fighter)     Turns: 1871, Time: 00:00:52

Health: -2/41      AC:  7    Str: 23    XL:     4   Next: 78%
Magic:  3/3        EV:  9    Int:  7    God:
Gold:   127        SH:  4    Dex:  9    Spells: 3/3 levels left

rFire   . . .        a - +0 war axe
rCold   . . .        c - +0 buckler
rNeg    . . .        b - +0 scale mail
rPois   .            (helmet restricted)
rElec   .            (no cloak)
rCorr   .            (no gloves)
SInv    .            (no boots)
Will    +....        (no amulet) Stlth
                     j - ring "Sasiesti" {Will+ Int+2}
HPRegen 0.26/turn    (no ring)
MPRegen 0.08/turn

%: no passive effects
@: mighty, lethally poisoned (-2 -> -20)
A: horns 2, retaliatory headbutt
a: no special abilities


You were on level 3 of the Dungeon.
You visited 1 branch of the dungeon, and saw 3 of its levels.

You collected 127 gold pieces.

Inventory:

Hand Weapons
 a - a +0 war axe (weapon)
Armour
 b - a +0 scale mail (worn)
 c - a +0 buckler (worn)
Jewellery
 j - the ring "Sasiesti" (left hand) {Will+ Int+2}
   (You found it on level 2 of the Dungeon)

   [ring of willpower]

   Int:       It affects your intelligence (+2).
   Will:      It increases your willpower.
Wands
 n - a wand of paralysis (7)
   (You found it on level 3 of the Dungeon)
Scrolls
 e - a scroll of immolation {unknown}
 h - 3 scrolls of fear {unknown}
 i - a scroll of brand weapon {unknown}
 k - a scroll of blinking {unknown}
 l - a scroll of identify {unknown}
 m - a scroll of magic mapping {unknown}
 o - a scroll of torment {unknown}
 p - a scroll of enchant armour {unknown}
Potions
 d - 2 potions of might
 f - a potion of flight {unknown}
 g - 4 potions of attraction {unknown}


   Skills:
 + Level 4.4 Fighting
 * Level 4.3 Axes
 + Level 4.3 Armour
 + Level 4.4 Shields


You had 3 spell levels left.
You didn't know any spells.
Your spell library was empty.

Dungeon Overview and Level Annotations

Branches:
Dungeon (3/15)

Altars:
The Shining One

Annotations:
D:3 Sigmund


Innate Abilities, Weirdness & Mutations

You have a pair of horns on your head.
You reflexively headbutt those who attack you in melee.


Message History

The orc barely misses you.
You completely miss the orc. You block the orc's attack.
You completely miss the orc. You barely miss the ball python.
The ball python bites you but does no damage.
The ball python grabs you. The ball python constricts you.
The orc hits you with a +0 flail.
Ijyb the Twisted Goblin comes into view.
She is wielding a +0 club and carrying a wand of flame (29).
The ball python bites you but does no damage.
The ball python constricts you.
You slash the ball python!
You kill the ball python!
You slash the orc!
You kill the orc!
The kobold barely misses you.
You barely miss the kobold. The kobold barely misses you.
You furiously retaliate!
You headbutt the kobold.
You kill the kobold!
Ijyb barely misses you.
You barely miss Ijyb. Your headbutt misses Ijyb.
Ijyb zaps a wand.
The puff of flame misses you. Ijyb hits you with a +0 club.
You barely miss Ijyb.
Ijyb zaps a wand.
The puff of flame hits you but does no damage.
You barely miss Ijyb. You headbutt Ijyb.
Ijyb is lightly wounded.
Ijyb hits you with a +0 club.
Ijyb is nearby!
Ijyb is nearby!
You barely miss Ijyb.
Ijyb is lightly wounded.
Ijyb zaps a wand.
The puff of flame hits you.
Ijyb zaps a wand.
The puff of flame hits you.
You closely miss Ijyb.
Ijyb is lightly wounded.
Ijyb hits you but does no damage.
You barely miss Ijyb.
Ijyb is lightly wounded.
You block Ijyb's attack.
You barely miss Ijyb.
Ijyb is lightly wounded.
Ijyb hits you with a +0 club. x2
You hit Ijyb.
Ijyb is moderately wounded.
Ijyb hits you with a +0 club.
You slash Ijyb! You headbutt Ijyb.
Ijyb is severely wounded.
Ijyb hits you with a +0 club.
You slash Ijyb!
You kill Ijyb!
No target in view!
Items here: ) / [ †.
Found a stone staircase leading down.
A ball python comes into view.
The ball python hisses angrily.
A ball python is nearby!
A ball python is nearby!
You closely miss the ball python. You block the ball python's attack.
The ball python grabs you. The ball python constricts you.
You hit the ball python.
You kill the ball python!
No target in view!
No target in view!
No target in view!
No target in view!
No target in view!
No target in view!
No target in view!
No target in view!
You now have 127 gold pieces (gained 6).
Items here: ) / [ †.
Sigmund the Dreaded comes into view.
He is wielding a +2 scythe of venom.
Sigmund is nearby!
Sigmund is nearby!
Sigmund casts a spell.
Sigmund flickers and vanishes!
Deactivating autopickup; reactivate with Ctrl-A.
No target in view!
You feel very mighty all of a sudden. Something hits you.
You are poisoned.
You feel sick. Something hits you.
No target in view!
You closely miss something.
You feel sick.
No target in view!
You miss something.
You feel sick. Something completely misses you.
No target in view!
You miss something. Your headbutt misses something.
You feel sick. You block something's attack.
No target in view!
You hit something.
You feel sick. Something hits you.
You are more poisoned.
You miss something. Your headbutt misses something.
You feel very sick. Something hits you.
* * * LOW HITPOINT WARNING * * *
You are lethally poisoned!
You closely miss something.
* * * LOW HITPOINT WARNING * * *
You feel very sick. Something hits you!
You die...

#.........# ##.........
#.........# #####.#.##
#.........#########.....
#.................##....
#.........#######. #....
####.#.........# ##...
#......#######.# #...
#......# #... #.....@#
#... #.....{# #...
#....... #... #.....###
#.## #..... #.# #.....
#.# #..... #.# #.....
#.# #.#


There were no monsters in sight!

Vanquished Creatures
  Ijyb (D:3)
  An orc wizard (D:3)
  2 adders (D:2)
  5 orcs (D:3)
  8 endoplasms
  2 giant cockroaches
  4 goblins
  2 hobgoblins (D:2)
  2 kobolds (D:3)
  A quokka (D:1)
  6 ball pythons
  3 bats (D:1)
  8 frilled lizards
  5 rats
50 creatures vanquished.

Notes
Turn   | Place    | Note
-------+----------+-------------------------------------------
     0 | D:1      | Flugkiller the Minotaur Fighter began the quest for the
                  | Orb.
     0 | D:1      | Reached XP level 1. HP: 19/19 MP: 0/0
   222 | D:1      | Reached XP level 2. HP: 27/27 MP: 1/1
   255 | D:1      | Found a faded altar of an unknown god.
   566 | D:2      | Identified the ring "Sasiesti" {Will+ Int+2}
   689 | D:2      | Reached XP level 3. HP: 26/33 MP: 2/2
  1411 | D:3      | Found a glowing golden altar of the Shining One.
  1512 | D:3      | Reached XP level 4. HP: 40/40 MP: 3/3
  1756 | D:3      | Noticed Ijyb
  1769 | D:3      | Killed Ijyb
  1861 | D:3      | Noticed Sigmund
  1871 | D:3      | Slain by Sigmund

Illustrated notes

Levels and vault maps discovered:
D:1:      lightli_arrival_flooded_house, layout_rooms,
          ebering_ecumenical_altar_mist, amcnicky_mini_corridor_feature
D:2:      layout_loops_corners
D:3:      layout_basic, general_overflow_altar, uniq_sigmund, uniq_ijyb

Skill      XL: |  1  2  3  4 |
---------------+-------------+-----
Axes           | 3 4 |  4.3
Fighting       | 4 |  4.4
Armour         | 4 |  4.3
Shields        | 4 |  4.4

Action                     |  1- 3 |  4- 6 || total
---------------------------+-------+-------++-------
  Melee: War axe           |    69 |    33 ||   102
         Headbutt          |     4 |     4 ||     8
    Use: Potion            |       |     1 ||     1
 Armour: Scale mail        |    26 |     7 ||    33
  Dodge: Dodged            |    35 |    10 ||    45
  Block: Buckler           |    15 |     7 ||    22
